 Dungeon Sprint DCSS version 0.21.2 (webtiles) character file.

13444 Fang the Severer (level 12, -1/132 HPs)
             Began as a Gargoyle Berserker on Dec 19, 2018.
             Was the Champion of Trog.
             Hit by a javelin thrown by a merfolk javelineer (11 damage)
             ... in the Dungeon (Sprint V: "Ziggurat Sprint").
             The game lasted 00:05:05 (1205 turns).

Fang the Severer (Gargoyle Berserker)               Turns: 1205, Time: 00:05:05

Health: -1/132     AC: 35    Str: 37    XL:     12   Next: 6%
Magic:  0/30       EV: 11    Int:  8    God:    Trog [******]
Gold:   0          SH:  0    Dex: 13    Spells: 11/11 levels left

rFire    + . .     SeeInvis +   l - +5 executioner's axe (protect)
rCold    . . .     Gourm    .   (shield currently unavailable)
rNeg     + + .     Faith    .   R - +1 plate armour of Salvation {Str+6}
rPois    ∞         Spirit   +   G - +2 helmet {SInv}
rElec    +         Reflect  .   (no cloak)
rCorr    .         Harm     .   (no gloves)
MR       .....     NoTele   +   (no boots)
Stlth    ..........             C - amulet of guardian spirit
HPRegen  0.32/turn              I - ring of Kaset {MR+ MP+9 Stlth+}
MPRegen  0.22/turn              N - ring of the Special Dances {rF+ rN+ MR- MP+9 Dex+4}

@: berserking (expiring), protection aura, mesmerised, very quick
A: negative energy resistance 1, electricity resistance, unbreathing,
petrification resistance, rot immunity, AC +8
a: Berserk, Trog's Hand, Brothers in Arms, Burn Spellbooks, Renounce Religion


You were in the Dungeon.
You worshipped Trog.
Trog was exalted by your worship.
You were hungry.

You visited 1 branch

Inventory:

Hand Weapons
 l - a +5 executioner's axe of protection (weapon)
 B - a +0 battleaxe of flaming
 J - a +7 antimagic broad axe
 L - a +4 executioner's axe of electrocution
 Q - a +4 antimagic executioner's axe
Armour
 a - the +27 Lear's hauberk
   (You found it in the Dungeon)
 j - a +5 crystal plate armour
 k - +5 gold dragon scales
 G - a +2 helmet of see invisible (worn)
 R - the +1 plate armour of Salvation (worn) {Str+6}
   (You found it in the Dungeon)

   It affects your strength (+6).
Jewellery
 C - an amulet of guardian spirit (around neck)
 E - a +6 ring of strength
 F - a +6 ring of strength
 H - the ring of Ephemeral Luck {Ice Stlth+}
   (You found it in the Dungeon)

   [ring of ice]

   It enhances your ice magic.
   It makes you vulnerable to fire.
   It protects you from cold.
   It makes you more stealthy.
 I - the ring of Kaset (left hand) {MR+ MP+9 Stlth+}
   (You found it in the Dungeon)

   [ring of magical power]

   It affects your resistance to hostile enchantments.
   It affects your magic capacity (+9).
   It makes you more stealthy.
 M - an uncursed ring of protection from cold
 N - the ring of the Special Dances (right hand) {rF+ rN+ MR- MP+9 Dex+4}
   (You found it in the Dungeon)

   [ring of magical power]

   It affects your dexterity (+4).
   It protects you from fire.
   It protects you from negative energy.
   It affects your resistance to hostile enchantments.
   It affects your magic capacity (+9).
 P - an uncursed ring of magical power
Wands
 x - a wand of disintegration (7)
 y - a wand of iceblast (7)
 z - a wand of acid (7)
Scrolls
 i - 4 scrolls of blinking
 m - 7 scrolls of fog
 n - a scroll of holy word
 o - 5 scrolls of identify
 p - 4 scrolls of remove curse
 q - 2 scrolls of fear
Potions
 d - 10 potions of curing
 e - 14 potions of heal wounds
 f - 10 potions of haste
 g - 7 potions of magic
 h - 3 potions of berserk rage
 r - 2 potions of brilliance
 s - 2 potions of invisibility
 t - 4 potions of resistance
 v - 5 potions of agility
 w - 5 potions of might
Books
 b - a book of Summonings

   Spells                             Type                      Level
   a - Recall                         Summoning/Translocation      3
   b - Aura of Abjuration             Summoning                    5
   c - Summon Demon                   Summoning                    5
   d - Summon Forest                  Summoning/Translocation      5
   e - Summon Mana Viper              Hexes/Summoning              5
   f - Shadow Creatures               Summoning                    6
   Trog disapproves of the use of such an item.
 A - Qoass's Collected Works on Battle Magic
   (You found it in the Dungeon)

   Spells                             Type                      Level
   a - Sting                          Conjuration/Poison           1
   b - Force Lance                    Conjuration/Translocation    4
   c - Sticky Flame                   Conjuration/Fire             4
   d - Bolt of Cold                   Conjuration/Ice              6
   Trog disapproves of the use of such an item.
 D - a book of Power

   Spells                             Type                      Level
   a - Iskenderun's Battlesphere      Conjuration/Charms           5
   b - Venom Bolt                     Conjuration/Poison           5
   c - Bolt of Magma                  Conjuration/Fire/Earth       5
   d - Iron Shot                      Conjuration/Earth            6
   e - Orb of Destruction             Conjuration                  7
   f - Spellforged Servitor           Conjuration/Summoning        7
   Trog disapproves of the use of such an item.
 O - Woqer's Arcane Secrets of Wizardry
   (You found it in the Dungeon)

   Spells                             Type                      Level
   a - Shatter                        Earth                        9
   Trog disapproves of the use of such an item.
Comestibles
 c - 6 rations


   Skills:
 + Level 15.2 Fighting
 + Level 17.2 Axes
 + Level 11.2 Armour
 + Level 4.7 Dodging
 + Level 3.3 Stealth


You had 11 spell levels left.
You didn't know any spells.

Dungeon Overview and Level Annotations

Branches:
Dungeon (1/1)

Altars:
Ashenzari
Cheibriados
Dithmenos
Elyvilon
Fedhas
Gozag
Hepliaklqana
Kikubaaqudgha
Makhleb
Nemelex Xobeh
Okawaru
Qazlal
Ru
Sif Muna
Trog
Uskayaw
Vehumet
Wu Jian
Xom
Yredelemnul
Zin
The Shining One
Beogh
Jiyva
Lugonu

Annotations:
D 1 transporter


Innate Abilities, Weirdness & Mutations

You are resistant to torment.
Your stone body is resilient. (AC +8)
You are immune to poison.
You resist negative energy. (rN+)
You are resistant to electric shocks. (rElec)
You can survive without breathing.
You are immune to petrification.
You are immune to rotting.


Message History

The steel javelin hits you but does no damage.
The merfolk javelineer throws a javelin.
The javelin hits you but does no damage.
The merfolk impaler hits you with a trident of venom!
* * * LOW HITPOINT WARNING * * *
The merfolk impaler hits you from afar with a trident!
* * * LOW HITPOINT WARNING * * *
The merfolk avatar chants its luring song.
You barely miss the merfolk javelineer.
The merfolk javelineer is almost dead.
You slash the merfolk javelineer! You slash the merfolk impaler!
The merfolk impaler hits you but does no damage.
The merfolk javelineer throws a steel javelin.
The steel javelin hits you!
* * * LOW HITPOINT WARNING * * *
The merfolk impaler barely misses you.
The merfolk impaler hits you but does no damage.
The merfolk javelineer throws a javelin.
The javelin hits you!
You die...

▓▓▓▓▓▓▓▓▓▓▓▓▓▓▓▓▓▓▓
▓≈≈.8©8.≈.▓...8©8...▓
▓.≈[≈≈[?.≈▓..)).)=..▓
▓.≈:|[=)..▓...))")..▓
▓..≈m...≈.▓...).....▓
▓≈≈.......▓...)))...▓
▓.≈≈Hc..≈.▓.....)...▓
▓≈.mmmm≈..▓.........▓
▓≈.†@.≈.≈.▓.▓.....▓.▓
▓.▓.....▓.▓....©....▓
▓.(≈(©...≈▓▓▓▓▓▓▓▓▓▓▓
▓▓▓▓▓▓▓▓▓▓▓


You could see a merfolk avatar, 2 merfolk impalers, 2 merfolk javelineers, a
satyr and a manticore.

Vanquished Creatures
  A sixfirhy (D)
  A sea snake (D)
  A spriggan druid (D)
  A manticore (D)
  A black mamba (D)
  A water nymph (D)
  4 efreet (D)
  A red devil (D)
  2 jumping spiders (D)
  2 polar bears (D)
  A hornet (D)
  2 slime creatures (D)
  3 spriggans (D)
  A fire elemental (D)
  A naga (D)
  2 floating eyes (D)
  A hell hound (D)
  2 ice beasts (D)
  An orc warrior (D)
  An eye of draining (D)
  2 wolves (D)
  A scorpion (D)
  A quasit (D)
  4 orc priests (D)
  2 orc wizards (D)
  2 iron imps (D)
  A jelly (D)
  3 adders (D)
  A shadow imp (D)
  2 white imps (D)
  An ooze (D)
  6 orcs (D)
  A ball python (D)
57 creatures vanquished.

Vanquished Creatures (others)
  2 fire vortices (D)
2 creatures vanquished.

Grand Total: 59 creatures vanquished

Notes
Turn   | Place    | Note
-------+----------+-------------------------------------------
     0 | D        | Found the +6 Majin-Bo {vamp, Archmagi MP+6 Int+6}
     0 | D        | Found the +7 great mace "Firestarter" {inner flame, rF++}
     0 | D        | Fang the Gargoyle Berserker began the quest for the Orb.
     0 | D        | Reached XP level 1. HP: 14/14 MP: 1/1
     3 | D        | Found a blossoming altar of Fedhas.
     4 | D        | Found a viscous altar of Jiyva.
     4 | D        | Found a hazy altar of Hepliaklqana.
     4 | D        | Found a transporter.
     4 | D        | Found an opulent altar of Gozag.
     4 | D        | Found an ancient bone altar of Kikubaaqudgha.
     4 | D        | Found a corrupted altar of Lugonu.
     8 | D        | Found a burning altar of Makhleb.
     9 | D        | Found a sacrificial altar of Ru.
     9 | D        | Found a stormy altar of Qazlal.
     9 | D        | Found a deep blue altar of Sif Muna.
     9 | D        | Found an iron altar of Okawaru.
     9 | D        | Found a bloodstained altar of Trog.
     9 | D        | Found a sparkling altar of Nemelex Xobeh.
    50 | D        | Entered arena 2.
    50 | D        | Noticed a floating eye
    50 | D        | Noticed an eye of draining
    50 | D        | Found a transporter.
    51 | D        | Found the +27 Lear's hauberk
    52 | D        | Killed a floating eye
    52 | D        | Reached skill level 5 in Axes
    52 | D        | Reached XP level 2. HP: 23/23 MP: 2/2
    52 | D        | Reached XP level 3. HP: 28/28 MP: 3/3
    52 | D        | Reached XP level 4. HP: 32/32 MP: 4/4
    56 | D        | Killed an eye of draining
    56 | D        | Reached skill level 7 in Axes
    56 | D        | Reached XP level 5. HP: 39/39 MP: 0/5
    79 | D        | Entered arena 3.
    79 | D        | Noticed a jumping spider
    79 | D        | Noticed a jumping spider
    79 | D        | Found a transporter.
    87 | D        | Reached ** piety under Trog
    87 | D        | Reached XP level 6. HP: 40/45 MP: 3/6
    90 | D        | Killed a jumping spider
    90 | D        | Reached skill level 10 in Fighting
    90 | D        | Reached skill level 9 in Axes
    90 | D        | Reached XP level 7. HP: 46/53 MP: 4/7
    95 | D        | Killed a jumping spider
   100 | D        | Identified Qoass's Collected Works on Battle Magic
   136 | D        | Entered arena 4.
   136 | D        | Found a transporter.
   141 | D        | Reached *** piety under Trog
   141 | D        | Reached skill level 10 in Axes
   201 | D        | Entered arena 5.
   201 | D        | Noticed a naga
   201 | D        | Found a transporter.
   205 | D        | Reached **** piety under Trog
   210 | D        | Killed a naga
   210 | D        | Reached XP level 8. HP: 51/60 MP: 8/8
   218 | D        | Got the cursed +0 ring mail "Jopu" {Int+3}
   254 | D        | Entered arena 6.
   254 | D        | Noticed a polar bear
   254 | D        | Noticed a polar bear
   254 | D        | Found a transporter.
   259 | D        | Reached ***** piety under Trog
   260 | D        | Killed a polar bear
   260 | D        | Reached skill level 11 in Axes
   262 | D        | Killed a polar bear
   262 | D        | Reached skill level 12 in Axes
   298 | D        | Got the ring of Ephemeral Luck {Ice Stlth+}
   303 | D        | Entered arena 7.
   303 | D        | Noticed a spriggan
   303 | D        | Noticed a spriggan rider
   303 | D        | Noticed a spriggan
   303 | D        | Noticed a spriggan druid
   310 | D        | Reached XP level 9. HP: 57/66 MP: 9/9
   314 | D        | Received a gift from Trog
   314 | D        | Reached skill level 13 in Axes
   318 | D        | Killed a hornet
   322 | D        | Killed a spriggan druid
   322 | D        | Reached skill level 14 in Axes
   323 | D        | Found a transporter.
   387 | D        | Got the ring of Kaset {MR+ MP+9 Stlth+}
   487 | D        | Entered arena 8.
   487 | D        | Noticed a black mamba
   491 | D        | Paralysed by a floating eye for 3 turns
   497 | D        | Killed a black mamba
   497 | D        | Received a gift from Trog
   499 | D        | Reached XP level 10. HP: 50/73 MP: 6/10
   501 | D        | Reached skill level 15 in Axes
   504 | D        | Found a transporter.
   792 | D        | Entered arena 9.
   792 | D        | Noticed a sixfirhy
   793 | D        | Found a transporter.
   802 | D        | Reached ****** piety under Trog
   803 | D        | Received a gift from Trog
   804 | D        | Received a gift from Trog
   805 | D        | Killed a sixfirhy
   807 | D        | Reached skill level 10 in Armour
   814 | D        | Got the ring of the Special Dances {rF+ rN+ MR- MP+9 Dex+4}
   821 | D        | Identified Woqer's Arcane Secrets of Wizardry
   952 | D        | Entered arena 10.
   961 | D        | Reached skill level 16 in Axes
   965 | D        | Found a transporter.
   980 | D        | Got the cursed +1 plate armour of Salvation {Str+6}
  1142 | D        | Entered arena 11.
  1143 | D        | Found a transporter.
  1147 | D        | Received a gift from Trog
  1155 | D        | Received a gift from Trog
  1176 | D        | Reached XP level 11. HP: 77/80 MP: 11/11
  1188 | D        | Entered arena 12.
  1188 | D        | Noticed a sea snake
  1188 | D        | Noticed a manticore
  1188 | D        | Noticed a manticore
  1188 | D        | Noticed a merfolk javelineer
  1188 | D        | Noticed a satyr
  1189 | D        | Noticed a merfolk avatar
  1190 | D        | Noticed a merfolk impaler
  1190 | D        | Noticed a merfolk impaler
  1190 | D        | Noticed a merfolk javelineer
  1195 | D        | Killed a sea snake
  1195 | D        | Reached skill level 15 in Fighting
  1195 | D        | Reached skill level 17 in Axes
  1197 | D        | Killed a manticore
  1197 | D        | Reached XP level 12. HP: 87/87 MP: 12/12
  1197 | D        | Found a transporter.
  1205 | D        | Hit by a javelin thrown by a merfolk javelineer

Skill      XL: |  1  2  3  4  5  6  7  8  9 10 11 |
---------------+----------------------------------+-----
Fighting       | 6 8 10 11 12 13 14 15 | 15.2
Axes           | 5 7 9 10 12 14 16 17 | 17.2
Armour         | 3 4 6 7 9 10 11 | 11.2
Dodging        | 2 3 4 |  4.7
Stealth        | 3 |  3.3

Action                   |  1- 3 |  4- 6 |  7- 9 | 10-12 || total
-------------------------+-------+-------+-------+-------++-------
Melee: Executioner's axe |     1 |    10 |    41 |    52 ||   104
       Broad axe         |       |       |     8 |     3 ||    11
Invok: Berserk           |       |     1 |     3 |     2 ||     6
  Use: Scroll            |       |       |       |     2 ||     2
       Potion            |       |       |       |     1 ||     1
  Eat: Chunk             |       |       |     1 |     1 ||     2
       Ration            |       |       |       |     1 ||     1
Armor: Chain mail        |       |    35 |    54 |       ||    89
       Gold dragon scale |       |       |    46 |    61 ||   107
       Plate armour      |       |       |       |    24 ||    24
Dodge: Dodged            |       |    22 |    54 |    51 ||   127
